 Dungeon Crawl Stone Soup version 0.20-a0-1000-g0e8f6bb (webtiles) character file.

457542 Duffy the Cleaver (level 24, -5/185 HPs)
             Began as a Bultungin Fighter on Apr 12, 2017.
             Was a High Priest of Cheibriados.
             Killed from afar by a storm dragon (44 damage)
             ... with a bolt of lightning
             ... on level 4 of the Vaults.
             The game lasted 01:26:19 (62618 turns).

Duffy the Cleaver (Bultungin Fighter)              Turns: 62618, Time: 01:26:19

Health: -5/185     AC: 29    Str: 40      XL:     24   Next: 42%
Magic:  30/30      EV: 21    Int: 20 (25) God:    Cheibriados [*****.]
Gold:   1458       SH: 29    Dex: 33 (34) Spells: 23/23 levels left

rFire    + + .     SeeInvis +   c - +1 war axe (elec)
rCold    + . .     Gourm    .   P - +0 large shield
rNeg     . . .     Faith    +   d - +2 plate armour {rF+}
rPois    +         Spirit   .   X - +1 hat
rElec    .         Reflect  .   I - +2 cloak {rF+}
rCorr    .         Harm     .   u - +0 pair of gloves {Dex+3}
MR       +++..                  C - +1 pair of boots
Stlth    ..........             V - amulet of faith
Regen    0.4/turn               k - ring of protection from magic
MPRegen  0.3/turn               T - ring "Xiysam" {rPois rC+ MR+ Str+4 Int+3}

@: about to teleport, drained, very slow
A: short attention span, antennae 1, fangs 1, large bone plates 1, yellow scales
1, see invisible, agile 1, deterioration 1, sense surroundings 1, wild magic 2,
strong nose
}: 2/15 runes: decaying, serpentine
a: Bend Time, Temporal Distortion, Slouch, Step From Time, Renounce Religion


You were on level 4 of the Vaults.
You worshipped Cheibriados.
Cheibriados was extremely pleased with you.
You were not hungry.

You visited 8 branches of the dungeon, and saw 40 of its levels.
You also visited: Ossuary, Ice Cave and Volcano.

You collected 4803 gold pieces.
You spent 3345 gold pieces at shops.

Inventory:

Hand Weapons
 c - a +1 war axe of electrocution (weapon)
 R - a +4 broad axe of chopping
Missiles
 y - 4 curare-tipped needles
 N - a throwing net (quivered)
Armour
 d - a +2 plate armour of fire resistance (worn)
 u - a +0 pair of gloves of dexterity (worn)
 C - a +1 pair of boots (worn)
 I - a +2 cloak of fire resistance (worn)
 P - a +0 large shield (worn)
 X - a +1 hat (worn)
Jewellery
 k - a ring of protection from magic (left hand)
 p - an uncursed ring of protection from cold
 F - the ring "Wegifoso" {rN+ SInv}
   (You found it on level 8 of the Dungeon)

   [ring of positive energy]

   It protects you from negative energy.
   It lets you see invisible.
 Q - a +3 ring of protection
 T - the ring "Xiysam" (right hand) {rPois rC+ MR+ Str+4 Int+3}
   (You found it on level 6 of the Lair of Beasts)

   [ring of strength]

   It affects your strength (+4).
   It affects your intelligence (+3).
   It protects you from cold.
   It protects you from poison.
   It affects your resistance to hostile enchantments.
 V - an amulet of faith (around neck)
Wands
 b - a wand of iceblast (10/15)
 g - a wand of clouds (4/9)
 v - a wand of iceblast (8/15)
 z - a wand of lightning (8/15)
 U - a wand of digging (14/24)
Scrolls
 f - 2 scrolls of enchant armour
 h - 14 scrolls of identify
 n - 13 scrolls of teleportation
 r - a scroll of summoning
 t - 18 scrolls of remove curse
 x - a scroll of holy word
 B - a scroll of blinking
 E - 9 scrolls of recharging
 G - 2 scrolls of magic mapping
 J - 3 scrolls of fog
 K - 7 scrolls of immolation
 L - 12 scrolls of fear
 W - 4 scrolls of silence
 Y - 4 scrolls of vulnerability
Potions
 e - 7 potions of flight
 m - 8 potions of resistance
 o - 12 potions of curing
 q - 7 potions of magic
 s - 10 potions of heal wounds
 w - 4 potions of ambrosia
 D - 6 potions of mutation
 H - 2 potions of cancellation
 M - 5 potions of might
 O - 2 potions of agility
 S - 6 potions of invisibility
Miscellaneous
 j - 2 boxes of beasts
 Z - a phantom mirror
Comestibles
 i - 10 royal jellies
 l - 26 meat rations
 A - 26 fruits


   Skills:
 + Level 14.2(14.0) Fighting
 + Level 14.6(14.3) Axes
 + Level 14.3(14.0) Armour
 + Level 13.5(13.3) Dodging
 + Level 14.0(13.8) Shields
 - Level 10.5(10.3) Invocations
 - Level 7.0(6.7) Evocations


You had 23 spell levels left.
You didn't know any spells.

Dungeon Overview and Level Annotations

Branches:
Dungeon (15/15)            Temple (1/1) D:6            Lair (6/6) D:8
  Swamp (4/4) Lair:3        Snake (4/4) Lair:4        Slime (0/5) Lair:6
    Orc (2/2) D:12            Elf (3/3) Orc:2        Vaults (5/5) D:13
  Crypt (0/3) Vaults:3     Depths (0/5) D:15

Altars:
Ashenzari
Cheibriados
Dithmenos
Elyvilon
Fedhas
Gozag
Hepliaklqana
Kikubaaqudgha
Makhleb
Nemelex Xobeh
Okawaru
Qazlal
Ru
Sif Muna
Trog
Uskayaw
Vehumet
Wu Jian
Xom
Yredelemnul
Zin
The Shining One
Jiyva

Shops:
D:13 *   Orc:1 !   Orc:2 =!%[   Elf:1 [   Elf:2 *   Snake:1 }   Vaults:3 ?
Vaults:4 :

Annotations:
Lair:5 exclusion: 2 oklob plants
Lair:6 exclusion: upstairs
Swamp:3 exclusion: 2 oklob plants
Elf:3 1 exclusion
Vaults:5 nht's ghost, adept BuCj


Innate Abilities, Weirdness & Mutations

You have a short attention span.
You have very sharp teeth.
You have supernaturally acute eyesight. (SInv)
Your uncanny sense of smell can sniff out nearby items.
You have a pair of small antennae on your head.
You are partially covered in large bone plates. (SH +4)
You are partially covered in yellow scales. (AC +2)
You are agile. (Dex +2)
Your body sometimes deteriorates upon taking damage.
You passively map a small area around you.
Your spells are harder to cast, but more powerful.


Message History

You block the death knight's attack. You block the death knight's attack.
You block the titan's attack.
Items here: ( ))) [[ Your surroundings suddenly seem different.
A storm dragon comes into view.
The storm dragon roars deafeningly!
The storm dragon breathes lightning at you.
The bolt of lightning hits you!
A deep elf elementalist comes into view.
It is wielding a long sword of electrocution.
As you read the scroll of teleportation, it crumbles to dust.
You feel strangely unstable.
The deep elf elementalist gestures at you while chanting.
The freezing blast misses you.
The storm dragon is engulfed in freezing vapours.
You block the storm dragon's attack. x2
The storm dragon completely misses you.
You are engulfed in freezing vapours.
You resist.
The storm dragon breathes lightning at you.
The bolt of lightning hits you!
You die...

################
#........000...#
#.......e000...#
#........0D@...#
#.......0......#
#####..............#
##...#..............########
.#...'..............'......#
.#...################.####.#
.#.)## #.#0~#.# ....#
#.#0~#.# ....# #.#~~#.#


You could see a storm dragon and a deep elf elementalist.

Vanquished Creatures
  Mara (Vaults:4)
  Bai Suzhen (Vaults:4)
  2 liches
  Rupert (Lair:6)
  2 tentacled monstrosities
  3 titans (Vaults:4)
  A deep elf blademaster (Elf:2)
  A quicksilver dragon (Vaults:5)
  Frances (Swamp:2)
  4 sphinxes
  7 thorn hunters
  2 shadow dragons (Vaults:4)
  4 storm dragons (Vaults:4)
  Donald (Snake:2)
  5 tengu reavers
  6 nagarajas (Snake:4)
  Roxanne (D:14)
  2 frost giants (Vaults:4)
  An iron dragon (Vaults:4)
  18 vault wardens
  2 deep elf elementalists
  Aizul (Swamp:1)
  2 war gargoyles (Vaults:5)
  20 ironheart preservers
  2 very ugly things
  An entropy weaver (Vaults:4)
  3 deep elf demonologists
  8 stone giants
  A dire elephant (D:15)
  8 deep elf annihilators
  7 ettins
  An eidolon (Vaults:3)
  A crystal guardian (Vaults:4)
  2 green deaths (Swamp:4)
  2 deep elf death magi (Elf:3)
  4 deep elf high priests
  2 blizzard demons (IceCv)
  3 great orbs of eyes
  14 yaktaur captains
  A fire dragon (Lair:6)
  Fannar (Lair:1)
  21 naga warriors
  26 hydras
  32 vault guards
  An ice dragon (Vaults:3)
  A ghost crab (Swamp:2)
  15 centaur warriors
  2 catoblepae
  13 ogre magi
  5 anacondas
  An anaconda (shapeshifter) (Vaults:4)
  48 two-headed ogres
  A tengu warrior (D:14)
  6 death knights
  3 deep troll shamans (Vaults:4)
  17 alligators
  12 naga sharpshooters
  2 deep troll earth magi (Vaults:4)
  27 dancing weapons
  3 shock serpents
  A thrashing horror (Swamp:4)
  Urug (Orc:1)
  A titan zombie (Vaults:4)
  5 orc high priests
  21 deep elf knights
  A storm dragon zombie (Vaults:1)
  11 deep trolls
  A fire crab (Lair:4)
  3 salamander mystics
  2 shadow wraiths
  2 glowing orange brains
  9 skeletal warriors
  A sea snake (shapeshifter) (Vaults:4)
  A spriggan druid (Swamp:3)
  3 shambling mangroves
  2 unseen horrors
  16 deep elf archers
  A flayed ghost (Vaults:4)
  10 naga ritualists
  12 swamp dragons
  4 wizards
  Pikel (D:5)
  17 ironbrand convokers
  4 sea snakes (Snake:2)
  A phantasmal warrior (Vaults:4)
  23 orc knights
  27 ugly things
  5 harpies (Vaults:4)
  3 necromancers
  12 mana vipers
  15 salamanders
  10 cyclopes
  2 fire giant zombies
  2 human zombies
  8 orc sorcerers
  5 wolf spiders
  3 manticores
  73 deep elf magi
  A faun (shapeshifter) (Vaults:4)
  A fire giant skeleton (Vaults:4)
  A stone giant zombie (Vaults:1)
  An elephant (shapeshifter) (D:15)
  A cyclops (shapeshifter) (Elf:3)
  5 elephants (Lair:4)
  48 black mambas
  3 ice statues (IceCv)
  5 guardian serpents
  3 gargoyles
  19 vault sentinels
  2 orange demons (Swamp:4)
  26 naga magi
  4 rime drakes (Lair:6)
  19 spiny frogs
  4 komodo dragons
  A rime drake (shapeshifter) (Vaults:3)
  54 yaktaurs
  2 efreet
  6 freezing wraiths
  3 tengu conjurers
  3 anaconda simulacra (IceCv)
  2 golden dragon simulacra (IceCv)
  11 ice devils (IceCv)
  A queen bee (Lair:2)
  10 trolls
  2 polar bears (shapeshifter)
  27 hornets
  10 polar bears
  5 tyrant leeches
  3 meliai (D:15)
  2 hornets (shapeshifter)
  30 slime creatures
  A frost giant simulacrum (Vaults:1)
  5 blink frogs (Lair:5)
  7 bog bodies
  A raiju (Lair:6)
  8 hippogriffs
  2 dream sheep (Lair:6)
  A raiju (shapeshifter) (Vaults:4)
  A harpy skeleton (D:15)
  A stone giant simulacrum (Vaults:1)
  A meliai zombie (D:15)
  4 air elementals (Elf:1)
  A spriggan (shapeshifter) (Vaults:2)
  A flying skull (Vaults:2)
  A dire elephant simulacrum (IceCv)
  6 shadows
  A tarantella (shapeshifter) (Vaults:4)
  A redback (Vaults:4)
  7 spriggans
  A water elemental (Elf:1)
  3 wraiths
  A yak (shapeshifter) (Vaults:2)
  4 vampires
  A fire elemental (Elf:1)
  A fire bat (shapeshifter) (Vaults:4)
  6 basilisks
  2 wyverns
  A human (D:6)
  A golden eye (shapeshifter) (Vaults:2)
  27 yaks
  A human (shapeshifter) (Vaults:1)
  Menkaure (D:5)
  10 hungry ghosts
  A steam dragon (Lair:6)
  2 large abominations (Swamp:4)
  31 vampire mosquitoes
  A two-headed ogre zombie (D:12)
  12 swamp worms
  10 wargs
  An iron troll simulacrum (IceCv)
  58 nagas
  4 acid dragons
  12 water moccasins
  An acid dragon (shapeshifter) (Vaults:1)
  6 porcupines
  2 hydra simulacra (IceCv)
  A deep troll skeleton (Vaults:2)
  16 hell hounds
  10 swamp drakes
  A sky beast (shapeshifter) (D:14)
  8 ice beasts
  7 sky beasts
  4 slaves (D:5)
  2 eyes of draining (shapeshifter) (Vaults:3)
  6 boggarts
  An elf zombie (Vaults:1)
  13 black bears
  An ettin simulacrum (IceCv)
  47 orc warriors
  An eye of draining (D:13)
  5 phantoms
  2 necrophages
  43 ogres
  34 wolves
  26 centaurs
  18 crocodiles
  21 bullfrogs
  4 big kobolds
  A glowing shapeshifter simulacrum (Vaults:1)
  A gnoll sergeant (Orc:2)
  2 human simulacra (Vaults:2)
  3 earth elementals
  A wyvern skeleton (D:8)
  8 scorpions
  40 killer bees
  2 troll zombies (D:12)
  3 wights (D:7)
  An electric eel (Lair:3)
  4 howler monkeys
  7 crimson imps
  4 bullfrog zombies
  3 quasits
  4 centaur zombies
  3 jellies
  27 orc priests
  11 hounds
  34 orc wizards
  4 bullfrog skeletons
  4 centaur skeletons
  12 iguanas
  8 worker ants
  5 ogre zombies (D:12)
  A hound skeleton (D:4)
  3 hound zombies
  4 mummies (Ossuary)
  Robin (D:2)
  A worker ant zombie (D:8)
  A howler monkey skeleton (D:7)
  11 gnolls
  21 adders
  3 shadow imps
  An adder zombie (D:5)
  3 adder skeletons
  4 worms
  A worm (shapeshifter) (Vaults:1)
  3 dart slugs (D:2)
  9 leopard geckos
  97 orcs
  2 giant cockroaches (D:3)
  13 goblins
  7 hobgoblins
  12 jackals
  13 kobolds
  3 quokkas
  2 ball pythons
  15 bats
  6 frilled lizards
  2 giant cockroach zombies (D:3)
  2 gnoll skeletons (Ossuary)
  5 gnoll zombies (Ossuary)
  4 goblin skeletons
  4 goblin zombies
  6 hobgoblin skeletons
  4 hobgoblin zombies
  A jackal skeleton (D:6)
  A jackal zombie (D:5)
  3 kobold zombies (Ossuary)
  5 leopard gecko skeletons
  A leopard gecko zombie (D:7)
  3 orc skeletons (D:12)
  18 orc zombies
  3 quokka zombies
  7 rats
  A rat skeleton (Ossuary)
  2 rat zombies (Ossuary)
  9 briar patches
  3 fungi
  6 plants
2061 creatures vanquished.

Vanquished Creatures (others)
  A red draconian (Volcano)
  A centaur warrior (D:13)
  A dancing weapon (Vaults:4)
  2 naga sharpshooters
  A shadow wraith (Vaults:4)
  A naga ritualist (Snake:4)
  A deep elf mage (Elf:1)
  5 cyclopes
  A manticore (D:15)
  2 naga magi
  A vault sentinel (Vaults:2)
  A jumping spider (shapeshifter) (Vaults:4)
  A naga (Snake:4)
  An ogre (Vaults:5)
  12 centaurs
  A bullfrog (D:15)
  A hornet simulacrum (D:15)
  A crimson imp (D:15)
  An orc (D:12)
  2 gnoll zombies (Ossuary)
  3 gnoll skeletons (Ossuary)
  A goblin skeleton (Ossuary)
  A goblin zombie (Ossuary)
  4 hobgoblin skeletons (Ossuary)
  3 hobgoblin zombies (Ossuary)
  A kobold skeleton (Ossuary)
  A kobold zombie (Ossuary)
  2 orc skeletons (Ossuary)
  An orc zombie (Ossuary)
  A rat (D:3)
  4 rat skeletons (Ossuary)
  A rat zombie (Ossuary)
  9 briar patches
  18 fungi
  22 plants
110 creatures vanquished.

Grand Total: 2171 creatures vanquished

Notes
Turn   | Place    | Note
-------+----------+-------------------------------------------
     0 | D:1      | Duffy the Bultungin Fighter began the quest for the Orb.
     0 | D:1      | Reached XP level 1. HP: 20/20 MP: 1/1
   302 | D:1      | Reached XP level 2. HP: 26/26 MP: 2/2
  1017 | D:2      | Reached XP level 3. HP: 30/32 MP: 3/3
  1132 | D:2      | Reached skill level 5 in Fighting
  1289 | D:2      | Reached skill level 5 in Armour
  1310 | D:2      | Noticed Robin
  1348 | D:2      | Reached skill level 5 in Shields
  1373 | D:2      | Killed Robin
  1373 | D:2      | Reached XP level 4. HP: 28/39 MP: 4/4
  2357 | D:3      | Reached XP level 5. HP: 40/45 MP: 5/5
  2462 | D:3      | Found a white marble altar of Elyvilon.
  2873 | D:4      | Noticed a phantom
  2887 | D:4      | Killed a phantom
  2887 | D:4      | Reached XP level 6. HP: 47/52 MP: 6/6
  2967 | D:4      | Reached skill level 5 in Axes
  4029 | D:4      | Reached XP level 7. HP: 57/60 MP: 7/7
  4089 | D:5      | Entered Level 5 of the Dungeon
  4178 | D:5      | Noticed Menkaure
  4178 | D:5      | Noticed Pikel
  4188 | D:5      | Killed Menkaure
  4191 | D:5      | Killed Pikel
  4191 | D:5      | Reached XP level 8. HP: 68/68 MP: 8/8
  5227 | D:5      | Reached XP level 9. HP: 70/75 MP: 9/9
  5324 | D:5      | Found a glowing golden altar of the Shining One.
  5830 | D:6      | Found a sand-covered staircase.
  5834 | Ossuary  | Entered an ossuary
  6263 | D:6      | Found a runed door.
  6287 | D:6      | Found a basalt altar of Yredelemnul.
  6690 | D:6      | Found a staircase to the Ecumenical Temple.
  6709 | Temple   | Entered the Ecumenical Temple
  7012 | Temple   | Became a worshipper of Cheibriados the Contemplative
  7112 | D:6      | Gained mutation: Your spells are a little harder to cast, but a little more powerful. [mutagenic meat]
  7113 | D:6      | Gained mutation: You passively map a small area around you. [mutagenic meat]
  7115 | D:6      | Gained mutation: You have a pair of small antennae on your head. [mutagenic meat]
  7656 | D:6      | Reached * piety under Cheibriados
  7675 | D:6      | Reached XP level 10. HP: 48/83 MP: 10/10
  8111 | D:6      | Noticed a two-headed ogre
  8123 | D:6      | Killed a two-headed ogre
  8598 | D:7      | Found a deep blue altar of Sif Muna.
  8599 | D:7      | Found a hide-covered altar of Uskayaw.
  8599 | D:7      | Found a basalt altar of Yredelemnul.
  8600 | D:7      | Found an ornate altar of the Wu Jian Council.
  8780 | D:7      | Reached ** piety under Cheibriados
  8858 | D:7      | Gained mutation: You are partially covered in yellow scales. (AC +2) [mutagenic meat]
  8859 | D:7      | Gained mutation: You are agile. (Dex +2) [mutagenic meat]
  8860 | D:7      | Gained mutation: Your spells are harder to cast, but more powerful. [mutagenic meat]
  9303 | D:7      | Reached skill level 1 in Dodging
  9327 | D:7      | Reached skill level 1 in Invocations
  9652 | D:8      | Reached *** piety under Cheibriados
  9743 | D:8      | Found a staircase to the Lair.
 10595 | D:8      | Paralysed by a hornet for 3 turns
 10602 | D:8      | Reached skill level 5 in Dodging
 10602 | D:8      | Reached skill level 5 in Invocations
 10602 | D:8      | Reached XP level 11. HP: 70/89 MP: 14/14
 10787 | D:8      | Reached **** piety under Cheibriados
 10825 | D:8      | Got a transparent wooden ring
 10826 | D:8      | Identified the ring "Wegifoso" {rN+ SInv} (You found it on level 8 of the Dungeon)
 10943 | D:8      | Reached skill level 10 in Axes
 11460 | D:10     | Entered Level 10 of the Dungeon
 11599 | D:10     | Noticed a two-headed ogre
 11618 | D:10     | Killed a two-headed ogre
 11661 | D:10     | Gained mutation: You tend to lose your temper in combat. [mutagenic meat]
 11662 | D:10     | Gained mutation: You are partially covered in large bone plates. (SH +4) [mutagenic meat]
 11663 | D:10     | Lost mutation: You tend to lose your temper in combat. [mutagenic meat]
 12392 | D:10     | Noticed a two-headed ogre
 12402 | D:10     | Killed a two-headed ogre
 12502 | D:10     | Noticed a two-headed ogre
 12509 | D:10     | Killed a two-headed ogre
 12531 | D:10     | Reached ***** piety under Cheibriados
 12929 | Lair:1   | Entered Level 1 of the Lair of Beasts
 13150 | Lair:1   | Reached XP level 12. HP: 59/96 MP: 18/18
 13327 | Lair:1   | Found a dark tunnel.
 13340 | Volcano  | Entered a volcano
 13354 | Volcano  | Noticed a two-headed ogre
 13354 | Volcano  | Noticed an ogre mage
 13355 | Volcano  | Noticed a two-headed ogre
 13358 | Volcano  | Killed an ogre mage
 13358 | Volcano  | Killed a two-headed ogre
 13358 | Volcano  | Killed a two-headed ogre
 13453 | Volcano  | Noticed a red draconian
 13454 | Volcano  | Noticed a two-headed ogre
 13454 | Volcano  | Noticed a two-headed ogre
 13460 | Volcano  | Killed a two-headed ogre
 13464 | Volcano  | Killed a two-headed ogre
 13464 | Volcano  | Reached skill level 10 in Armour
 13464 | Volcano  | Killed a red draconian
 13656 | Volcano  | Noticed a two-headed ogre
 13663 | Volcano  | Killed a two-headed ogre
 13663 | Volcano  | Reached skill level 10 in Fighting
 13895 | Lair:1   | Reached skill level 10 in Shields
 14374 | Lair:2   | Noticed Fannar
 14455 | Lair:1   | Killed Fannar
 14815 | Lair:2   | Noticed a six-headed hydra
 14824 | Lair:2   | Killed a one-headed hydra
 15713 | Lair:3   | Found a staircase to the Swamp.
 15729 | Lair:3   | Reached XP level 13. HP: 101/103 MP: 19/19
 17476 | Lair:4   | Found a staircase to the Snake Pit.
 18254 | Lair:5   | Reached ****** piety under Cheibriados
 18748 | Lair:6   | Entered Level 6 of the Lair of Beasts
 19014 | Lair:6   | Found a staircase to the Slime Pits.
 19015 | Lair:6   | Found a viscous altar of Jiyva.
 19123 | Lair:6   | Noticed Rupert
 19130 | Lair:6   | Reached XP level 14. HP: 111/111 MP: 20/20
 19143 | Lair:6   | Paralysed by Rupert for 2 turns
 19148 | Lair:6   | Killed Rupert
 19997 | Lair:6   | Got a bound steel ring
 20017 | Lair:6   | Identified the ring "Xiysam" {rPois rC+ MR+ Str+4 Int+3} (You found it on level 6 of the Lair of Beasts)
 20850 | D:11     | Reached skill level 10 in Dodging
 21875 | D:12     | Found a staircase to the Orcish Mines.
 21942 | D:12     | Reached skill level 5 in Evocations
 22525 | D:12     | Reached XP level 15. HP: 118/118 MP: 21/21
 22634 | Orc:1    | Entered Level 1 of the Orcish Mines
 22802 | Orc:2    | Entered Level 2 of the Orcish Mines
 22928 | Orc:2    | Found a staircase to the Elven Halls.
 23018 | Orc:1    | Noticed Urug
 23032 | Orc:1    | Killed Urug
 23137 | Orc:1    | Found Mipab's Distillery.
 23840 | Orc:2    | Found Besmar's Jewellery Shoppe.
 24808 | Orc:2    | Found Ithued's Magic Scroll Emporium.
 24808 | Orc:2    | Found Osorchox's Distillery.
 24809 | Orc:2    | Found Qyposhri's Antique Armour Boutique.
 24809 | Orc:2    | Found Foriaqocymn's Food Boutique.
 24896 | Orc:2    | Bought a scroll of identify for 28 gold pieces
 24896 | Orc:2    | Bought a scroll of identify for 28 gold pieces
 24896 | Orc:2    | Bought a scroll of identify for 28 gold pieces
 24896 | Orc:2    | Bought a scroll of identify for 28 gold pieces
 24896 | Orc:2    | Bought a scroll of identify for 28 gold pieces
 24896 | Orc:2    | Bought a scroll of identify for 28 gold pieces
 25174 | D:13     | Found Ceagacao's Assorted Antiques.
 25834 | D:13     | Found a gate to the Vaults.
 26785 | D:14     | Noticed Roxanne
 26795 | D:14     | Killed Roxanne
 26796 | D:14     | Identified Roxanne's Almanac of Transmutation (You took it off Roxanne on level 14 of the Dungeon)
 27270 | D:15     | Entered Level 15 of the Dungeon
 27293 | D:15     | Reached XP level 16. HP: 126/126 MP: 22/22
 28034 | D:15     | Found a staircase to the Depths.
 29102 | Orc:2    | Bought a potion of flight for 45 gold pieces
 29102 | Orc:2    | Bought a potion of flight for 45 gold pieces
 29102 | Orc:2    | Bought a potion of flight for 45 gold pieces
 29102 | Orc:2    | Bought a potion of resistance for 150 gold pieces
 29102 | Orc:2    | Bought a potion of invisibility for 120 gold pieces
 29102 | Orc:2    | Bought a potion of curing for 45 gold pieces
 29102 | Orc:2    | Bought 2 potions of might for 120 gold pieces
 29102 | Orc:2    | Bought a potion of curing for 45 gold pieces
 29102 | Orc:2    | Bought a potion of magic for 120 gold pieces
 29102 | Orc:2    | Bought 2 potions of resistance for 300 gold pieces
 29114 | Orc:2    | Bought a scroll of recharging for 133 gold pieces
 29114 | Orc:2    | Bought a scroll of teleportation for 42 gold pieces
 29114 | Orc:2    | Bought 2 scrolls of silence for 210 gold pieces
 29231 | Orc:1    | Bought a potion of agility for 64 gold pieces
 29231 | Orc:1    | Bought a potion of flight for 48 gold pieces
 29231 | Orc:1    | Bought a potion of heal wounds for 80 gold pieces
 29231 | Orc:1    | Bought a potion of curing for 48 gold pieces
 29231 | Orc:1    | Bought a potion of heal wounds for 80 gold pieces
 29231 | Orc:1    | Bought 2 potions of mutation for 256 gold pieces
 29231 | Orc:1    | Bought a potion of magic for 128 gold pieces
 29231 | Orc:1    | Bought a potion of heal wounds for 80 gold pieces
 29231 | Orc:1    | Bought a potion of heal wounds for 80 gold pieces
 29323 | D:13     | Bought a knobbly moonstone ring for 165 gold pieces
 29551 | Snake:1  | Entered Level 1 of the Snake Pit
 30228 | Snake:1  | Found Hiennaen's Gadget Shoppe.
 31418 | Snake:2  | Noticed Donald
 31424 | Snake:2  | Killed Donald
 31520 | Snake:2  | Reached XP level 17. HP: 133/133 MP: 23/23
 32068 | Orc:2    | Bought an uncursed amulet of faith for 480 gold pieces
 34712 | Snake:4  | Entered Level 4 of the Snake Pit
 34889 | Swamp:1  | Entered Level 1 of the Swamp
 35131 | Swamp:1  | Noticed Aizul
 35147 | Swamp:1  | Killed Aizul
 36289 | Swamp:2  | Noticed Frances
 36308 | Swamp:2  | Killed Frances
 36733 | Swamp:2  | Reached XP level 18. HP: 140/140 MP: 24/24
 38255 | Swamp:4  | Entered Level 4 of the Swamp
 39549 | Swamp:4  | Noticed a tentacled monstrosity
 39574 | Swamp:4  | Killed a tentacled monstrosity
 39950 | Swamp:4  | Got a decaying rune of Zot
 40512 | Vaults:1 | Entered Level 1 of the Vaults
 40916 | Vaults:1 | Reached XP level 19. HP: 146/147 MP: 25/25
 42423 | Vaults:4 | Paralysed by a great orb of eyes for 2 turns
 43311 | Vaults:4 | Reached XP level 20. HP: 89/155 MP: 26/26
 43578 | Vaults:5 | Entered Level 5 of the Vaults
 43582 | Vaults:5 | Reached skill level 10 in Invocations
 43954 | Vaults:4 | Noticed Bai Suzhen
 43973 | Vaults:4 | Killed Bai Suzhen
 44984 | Vaults:1 | Reached XP level 21. HP: 143/162 MP: 28/28
 46977 | Vaults:2 | Identified the +4 chain mail of Saunloobb {Int+4} (You found it on level 2 of the Vaults)
 48959 | Vaults:3 | Reached XP level 22. HP: 170/170 MP: 29/29
 48988 | Vaults:3 | Found a staircase to the Crypt.
 49035 | Vaults:3 | Found Malogam's Magic Scroll Shop.
 49042 | Vaults:3 | Bought a scroll of fog for 38 gold pieces
 49488 | Vaults:4 | Found Vonoik's Book Boutique.
 49497 | Vaults:5 | Paralysed by an ogre mage for 6 turns
 50915 | Elf:1    | Entered Level 1 of the Elven Halls
 51165 | Elf:2    | Found Nyzel's General Store.
 51200 | Elf:2    | Found a shimmering altar of Xom.
 51431 | Elf:2    | Found a runed gate.
 51431 | Elf:2    | Found a runed gate.
 51431 | Elf:2    | Found a runed gate.
 52114 | Elf:2    | Gained mutation: Your body sometimes deteriorates upon taking damage. [a neqoxec]
 52424 | Elf:1    | Found Boecluh's Antique Armour Boutique.
 52432 | Elf:1    | Bought a runed hat for 210 gold pieces
 53185 | Elf:3    | Entered Level 3 of the Elven Halls
 53257 | Elf:3    | Found a frozen archway.
 53276 | IceCv    | Entered an ice cave
 53751 | IceCv    | Reached XP level 23. HP: 128/177 MP: 30/30
 53879 | IceCv    | Identified the cursed +1 plate armour "Cidwix" {rF++} (You found it in an ice cave)
 57657 | Snake:4  | Got a serpentine rune of Zot
 60510 | Vaults:4 | Reached XP level 24. HP: 168/184 MP: 28/30
 60743 | Vaults:5 | Noticed Mara
 61051 | Vaults:4 | HP: 8/185 [titan/bolt of lightning (41)]
 61733 | Vaults:5 | Noticed Duffy's illusion
 61743 | Vaults:4 | Killed Mara
 61989 | Vaults:5 | Noticed nht's ghost (adept BuCj)
 62618 | Vaults:4 | Killed from afar by a storm dragon

Vault maps used:
D:1:      lightli_arrival_quake, grunt_decor_mini_mirrors, minmay_hexomino_p4
D:2:      minmay_split_cup_small, uniq_robin
D:3:      serial_undead, serial_undead_c, serial_undead_b, serial_undead_c,
          serial_undead_a, elyvilon_altar_4
D:5:      kennysheep_windowed_halls, tso_oasis_becter, serial_glass,
          glass_columns_c, glass_columns_c, first_bread, uniq_menkaure,
          uniq_pikel
D:6:      old_forge, temple_pool_b, enter_ossuary_5, dk_yredelemnul_ordeal
D:7:      chequers_temple_overflow_statue_of_worship, the_bakery
D:8:      minmay_lair_entry_lava
D:10:     minmay_misc_feat_square
D:12:     zombieorc2_lemuel
D:13:     david_vaults_5, serial_shops, nicolae_shop_overgrown_old_shop
D:14:     serial_park_tiny_1, nrook_loot_triangle, uniq_roxanne
D:15:     hangedman_depths_entry_try_elsewhere_first, minmay_splitting_lines,
          lemuel_freeze_loot_1
Temple:   minmay_temple_bridge_d
Lair:1:   enter_volcano_1, serial_bayou_shore_a
Lair:2:   special_room, uniq_fannar
Lair:3:   beast_lair_carwin_large_4, swamp_mist, serial_bayou_lagoon_b
Lair:4:   guppyfry_snake_entry_island, serial_bayou_shore_b
Lair:5:   minmay_lair_oklob_bushes, nicolae_lair_grove_arrangements,
          grunt_megastairs_1
Lair:6:   hangedman_lair_caniforms_friends, guppyfry_lair_end_dragon,
          slime_altar_1, grunt_megastairs_3, uniq_rupert
Swamp:1:  evilmike_swamp_ruin_house_6, uniq_aizul
Swamp:2:  hangedman_swamp_ruin_hall, uniq_frances
Swamp:3:  nicolae_swamp_phyte_club, evilmike_swamp_ruin_house_4, swamp_pool2
Swamp:4:  swamp_vile
Snake:1:  spider_trap, minmay_shop_star
Snake:2:  nicolae_sea_snake_s, uniq_donald
Snake:3:  grunt_megastairs_4
Snake:4:  snake_pit, lemuel_fruit_tree
Orc:1:    serial_shops, nicolae_shop_temple_entry_statues_fountains, uniq_urug
Orc:2:    st_orc_elflike, serial_shops, shop
Elf:1:    eino_elf_arrival_customs, serial_shops,
          nicolae_shop_competitors_out_of_business, hangedman_elf_represent
Elf:2:    basic_altar, serial_shops, shop
Elf:3:    nooodl_elf_gasket, portal_ice_cave_entry_pillars_1,
          grunt_ministairs_9, fountainhead, nicolae_elf_v_pinch
Vaults:1: v_misc_26, hangedman_vaults_slither, nicolae_vaults_murderbox,
          v_pattern_5, vaults_mumra_hexcomb, vaults_mumra_minichess,
          vaults_dpeg_hooks, v_alt_pattern_1, v_misc_18
Vaults:2: vaults_mumra_lcd, vaults_room_semicircle,
          nicolae_vaults_specimen_jars, hangedman_vaults_impose,
          hangedman_vaults_stream, hangedman_vaults_stitches,
          vaults_standard_mumra_x, nicolae_vaults_twisting_passages,
          grunt_vaults_bifocal, st_more_cells, ontoclasm_vaults_gateway,
          ontoclasm_vaults_loading_screen
Vaults:3: v_rooms_6, hangedman_vaults_nodes, nicolae_vaults_angled_halls,
          ontoclasm_vaults_loading_screen, hangedman_vaults_maws,
          vaults_room_ringed_pool, vaults_room_stairs_pillars,
          nicolae_vaults_little_squares_2, nicolae_vaults_ring_of_whatevers,
          hangedman_vaults_capsules, grunt_vaults_diagonal,
          ontoclasm_vaults_ring_small, minmay_crypt_entry_simple_box,
          serial_shops, shop
Vaults:4: v_misc_18, ontoclasm_vaults_eye, v_misc_18, grunt_vaults_twisty,
          nicolae_vaults_ninety_degrees, v_pattern_1,
          hangedman_vaults_stretched_pinwheel, vaults_dpeg_encased_lava,
          st_smaller_cells, ontoclasm_vaults_fault,
          nicolae_vaults_little_squares_2, grunt_vaults_hallway_long,
          vaults_room_semicircle, serial_shops, shop, uniq_bai_suzhen
Vaults:5: uniq_mara
Ossuary:  ossuary_due_pyramid
IceCv:    ice_cave_tombish
Volcano:  volcano_pools

Skill      XL: |  1  2  3  4  5  6  7  8  9 10 11 12 13 14 15 16 17 18 19 20 21 22 23 24 |
---------------+-------------------------------------------------------------------------+-----
Fighting       | 5 6 7 8 9 10 11 12 13 14 | 14.2
Armour         | 5 6 7 8 9 10 11 12 13 14 | 14.3
Shields        | 5 6 7 8 9 10 11 12 13 14 | 14.0
Axes           | 4 5 7 9 10 11 12 13 14 | 14.6
Dodging        | 5 7 8 9 10 11 12 13 | 13.5
Invocations    | 5 9 10 | 10.5
Evocations     | 6 7 |  7.0

Action                   |  1- 3 |  4- 6 |  7- 9 | 10-12 | 13-15 | 16-18 | 19-21 | 22-24 || total
-------------------------+-------+-------+-------+-------+-------+-------+-------+-------++-------
Melee: War axe           |   114 |   203 |   357 |   735 |    70 |   152 |  1350 |  1663 ||  4644
       Bite              |     7 |    29 |    49 |   136 |   300 |   304 |   370 |   407 ||  1602
       Falchion          |       |       |       |     7 |    56 |    18 |       |       ||    81
       Broad axe         |       |       |       |       |  1186 |  1201 |       |       ||  2387
Throw: Throwing net      |       |       |       |       |       |       |       |     3 ||     3
Invok: Slouch            |       |       |       |     5 |     3 |     2 |     8 |     8 ||    26
       Temporal Distorti |       |       |       |     1 |     3 |     2 |     1 |    17 ||    24
Evoke: Wand              |       |       |       |     1 |     7 |       |       |     1 ||     9
  Use: Scroll            |     2 |     7 |     8 |     8 |     8 |     6 |     4 |    14 ||    57
       Potion            |       |       |     5 |     7 |       |     2 |     7 |     5 ||    26
 Stab: Invisible         |       |       |     4 |       |       |       |       |       ||     4
       Held in net/web   |       |       |     1 |       |       |       |       |     4 ||     5
       Confused          |       |       |       |       |     3 |       |       |       ||     3
       Distracted        |       |       |       |       |     1 |     1 |       |     2 ||     4
  Eat: Chunk             |     1 |     9 |    12 |    20 |    16 |     2 |     4 |     3 ||    67
       Bread ration      |       |       |     1 |     1 |     3 |     6 |     1 |       ||    12
       Royal jelly       |       |       |     1 |       |       |       |     2 |    15 ||    18
Armor: Scale mail        |    37 |    95 |    21 |       |       |       |       |       ||   153
       Skin              |       |       |    27 |     8 |       |       |       |       ||    35
       Chain mail        |       |       |    33 |       |       |       |       |       ||    33
       Plate armour      |       |       |    45 |   225 |   365 |   407 |   238 |   328 ||  1608
Dodge: Dodged            |    32 |    41 |    42 |   284 |   660 |   645 |   423 |   572 ||  2699
Block: Shield            |    81 |   124 |   221 |   742 |  1433 |       |       |       ||  2601
       Reflection        |       |       |     5 |     9 |    97 |    71 |       |       ||   182
       Large shield      |       |       |       |       |   340 |  2227 |  1599 |  2078 ||  6244
       Rpst.: Falchion   |       |       |       |       |    10 |       |       |       ||    10
